 Dungeon Crawl Stone Soup version 0.29.1-1-gd02db6906a (webtiles) character file.

Game seed: 8238752166720638279

33 safid the Shooter (level 3, 0/31 HPs)
             Began as a Minotaur Hunter on Oct 20, 2022.
             Slain by Terence
             ... wielding a +0 mace
              (7 damage)
             ... on level 2 of the Dungeon.
             The game lasted 00:01:13 (890 turns).

safid the Shooter (Minotaur Hunter)                  Turns: 890, Time: 00:01:13

Health: 0/31       AC:  5    Str: 15    XL:     3   Next: 12%
Magic:  2/2        EV: 11    Int:  6    God:
Gold:   59         SH:  0    Dex: 15    Spells: 2/2 levels left

rFire   . . .      SeeInvis .   a - +0 shortbow
rCold   . . .      Faith    .   (shield currently unavailable)
rNeg    . . .      Spirit   .   j - +0 ring mail
rPois   .          Reflect  .   (helmet restricted)
rElec   .          Harm     .   (no cloak)
rCorr   .          Rampage  .   (no gloves)
Will    .....                   (no boots)
Stlth   +.........              (no amulet)
HPRegen 0.10/turn               (no ring)
MPRegen 0.08/turn               (no ring)

@: no status effects
A: horns 2, retaliatory headbutt
a: no special abilities


You were on level 2 of the Dungeon.
You visited 1 branch of the dungeon, and saw 2 of its levels.

You collected 59 gold pieces.

Inventory:

Hand Weapons
 a - a +0 shortbow (weapon)
Armour
 j - a +0 ring mail (worn)
Scrolls
 b - a scroll of immolation
 d - a scroll of blinking {unknown}
 e - a scroll of butterflies {unknown}
 h - 2 scrolls of identify {unknown}
Potions
 f - a potion of curing {unknown}
 g - a potion of might {unknown}
 i - a potion of berserk rage {unknown}


   Skills:
 - Level 3.0 Fighting
 + Level 5.3 Ranged Weapons
 - Level 2.1 Dodging
 - Level 0.7 Stealth


You had 2 spell levels left.
You didn't know any spells.
Your spell library contained the following spells:

 Spells                   Type           Power      Damage    Failure   Level
 Portal Projectile        Hex/Tloc       0%         N/A       96%         3
 Tukima's Dance           Hex            0%         N/A       96%         3
 Blade Hands              Tmut           0%         N/A       100%        5


Dungeon Overview and Level Annotations

Branches:
Dungeon (2/15)

Altars:

Annotations:
D:2 Terence


Innate Abilities, Weirdness & Mutations

You have a pair of horns on your head.
You reflexively headbutt those who attack you in melee.


Message History

Terence hits you with a +0 mace.
You shoot an arrow. The arrow hits Terence.
Terence is moderately wounded.
Terence hits you but does no damage.
You shoot an arrow. The arrow hits Terence.
Terence is heavily wounded.
The frilled lizard bites you. Terence hits you with a +0 mace. x2
The frilled lizard closely misses you.
A worm comes into view.
You are too injured to fight recklessly!
You are too injured to fight recklessly!
You are too injured to fight recklessly!
You are too injured to fight recklessly!
Fire: a) +0 shortbow
Press: ? - help, Q - select action Shift-Dir - straight line, f/p - Terence
Aim: Terence, wielding a +0 mace and wearing a +0 chain mail (heavily wounded, 69% to hit)
You shoot an arrow.
The arrow hits Terence but does no damage.
Terence is heavily wounded.
The frilled lizard unfolds its giant frill.
The frilled lizard misses you. Terence hits you with a +0 mace.
Fire: a) +0 shortbow
Press: ? - help, Q - select action Shift-Dir - straight line, f/p - Terence
Aim: Terence, wielding a +0 mace and wearing a +0 chain mail (heavily wounded, 69% to hit)
You shoot an arrow.
The arrow hits Terence but does no damage.
Terence is heavily wounded.
The frilled lizard bites you but does no damage.
Terence barely misses you. You furiously retaliate!
You headbutt Terence, but do no damage.
Fire: a) +0 shortbow
Press: ? - help, Q - select action Shift-Dir - straight line, f/p - Terence
Aim: Terence, wielding a +0 mace and wearing a +0 chain mail (heavily wounded, 69% to hit)
You shoot an arrow.
The arrow hits Terence but does no damage.
Terence is heavily wounded.
The frilled lizard barely misses you. Terence hits you with a +0 mace.
* * * LOW HITPOINT WARNING * * *
Terence hits you with a +0 mace!
You die...

...... . ......##.
........w ....
#.......#......
........#.....#
.......$#.....#
......l@#.....#
.......@#.....#
##............##
#.....|....#..##
.............#..##
########......)..##
#...†......#
#...[....?.#
###†#†.....#
#<#......#


You could see Terence, a worm and a frilled lizard.

Vanquished Creatures
  A dart slug (D:1)
  5 ball pythons
  3 endoplasms (D:1)
  A giant cockroach (D:2)
  2 goblins (D:1)
  A hobgoblin (D:2)
  5 jackals
  A quokka (D:1)
  4 bats
  2 frilled lizards (D:1)
  2 kobolds (D:1)
27 creatures vanquished.

Notes
Turn   | Place    | Note
-------+----------+-------------------------------------------
     0 | D:1      | safid the Minotaur Hunter began the quest for the Orb.
     0 | D:1      | Reached XP level 1. HP: 18/18 MP: 0/0
   187 | D:1      | Reached XP level 2. HP: 25/25 MP: 1/1
   479 | D:1      | Found a faded altar of an unknown god.
   504 | D:1      | Reached skill level 5 in Ranged Weapons
   787 | D:2      | Reached XP level 3. HP: 31/31 MP: 2/2
   877 | D:2      | Noticed Terence
   890 | D:2      | Slain by Terence

Illustrated notes

Levels and vault maps discovered:
D:1:      wheals_arrival_shading, layout_basic,
          dreamdust_ecumenical_altar_statues, minivault_27
D:2:      layout_basic, small_statue_intersection, nicolae_grassy_gnolls,
          uniq_terence

Skill      XL: |  1  2 |
---------------+-------+-----
Fighting       | 3 |  3.0
Ranged Weapons | 5 |  5.3
Dodging        | |  2.1
Stealth        | |  0.7

Action                   || total
-------------------------++-------
 Fire: Shortbow          ||    68
Armor: Leather armour    ||     5
       Ring mail         ||     3
Dodge: Dodged            ||    26
